 Dungeon Crawl Stone Soup version 0.29-a0-297-g7659ce593d (webtiles) character file.

Game seed: 1408015099399443411

92567 jmlagarto the Peltast (level 15, -10/137 HPs)
             Began as a Minotaur Berserker on Mar 19, 2022.
             Was an Elder of Trog.
             Mangled by a naga
             ... wielding a +0 vorpal war axe
              (24 damage)
             ... on level 2 of the Snake Pit on Mar 20, 2022.
             The game lasted 01:21:55 (30087 turns).

jmlagarto the Peltast (Minotaur Berserker)         Turns: 30087, Time: 01:21:56

Health: -10/137    AC: 23    Str: 34    XL:     15   Next: 58%
Magic:  14/14      EV: 14    Int:  8    God:    Trog [****..]
Gold:   3511       SH: 21    Dex: 14    Spells: 14/14 levels left

rFire   + . .      SeeInvis .   k - +8 spear "Bomu" {flame, rElec Str+2}
rCold   + . .      Faith    .   K - +1 kite shield {AC+3}
rNeg    . . .      Spirit   .   p - +3 ring mail
rPois   .          Reflect  +   (helmet restricted)
rElec   +          Harm     .   M - +2 cloak {Will+}
rCorr   +          Rampage  +   y - +2 pair of gloves {hurl}
Will    ++++.                   u - +1 pair of boots
Stlth   +.........              V - amulet "Oluahuan" {Reflect Rampage Dex+5 SH+5}
HPRegen 1.32/turn               a - ring of Becaze {rCorr Str+2 Int+4}
MPRegen 0.14/turn               E - ring of Naah {rF+ rC+}

@: lethally poisoned (-10 -> -25), about to teleport, strong-willed,
regenerating, slowed, constricted, very slow
A: horns 2, retaliatory headbutt
a: Renounce Religion, Berserk, Trog's Hand, Brothers in Arms


You were on level 2 of the Snake Pit.
You worshipped Trog.
Trog was greatly pleased with you.
You visited 4 branches of the dungeon, and saw 22 of its levels.

You collected 3778 gold pieces.
You spent 267 gold pieces at shops.

Inventory:

Hand Weapons
 k - the +8 spear "Bomu" (weapon) {flame, rElec Str+2}
   (You found it on level 3 of the Dungeon)

   It burns those it strikes, dealing additional fire damage.
   Str:       It affects your strength (+2).
   rElec:     It insulates you from electricity.
Missiles
 s - 40 poisoned darts (quivered)
 L - a curare-tipped dart
Armour
 p - a +3 ring mail (worn)
 u - a +1 pair of boots (worn)
 y - a +2 pair of gloves of hurling (worn)
 K - a +1 kite shield of protection (worn)
 M - a +2 cloak of willpower (worn)
Jewellery
 a - the ring of Becaze (left hand) {rCorr Str+2 Int+4}
   (You acquired it on level 2 of the Orcish Mines)

   [ring of resist corrosion]

   Str:       It affects your strength (+2).
   Int:       It affects your intelligence (+4).
   rCorr:     It protects you from acid and corrosion.
 f - a ring of positive energy
 h - a +4 ring of slaying
 n - a ring of protection from cold
 E - the ring of Naah (right hand) {rF+ rC+}
   (You found it on level 5 of the Lair of Beasts)

   [ring of protection from cold]

   rF:        It protects you from fire.
   rC:        It protects you from cold.
 J - an amulet of faith
 U - a ring of see invisible
 V - the amulet "Oluahuan" (around neck) {Reflect Rampage Dex+5 SH+5}
   (You found it on level 4 of the Lair of Beasts)

   [amulet of reflection]

   It reflects blocked missile attacks.
   Dex:       It affects your dexterity (+5).
   SH:        It affects your SH (+5).
   Rampage:   It bestows one free step when moving towards enemies.
 X - a ring of willpower
Wands
 o - a wand of polymorph (8)
 q - a wand of charming (21)
 t - a wand of paralysis (5)
 F - a wand of iceblast (6)
 H - a wand of flame (65)
 T - a wand of mindburst (5)
Scrolls
 b - 11 scrolls of teleportation
 c - 4 scrolls of magic mapping
 j - 4 scrolls of silence
 w - 2 scrolls of brand weapon
 x - a scroll of holy word
 B - 2 scrolls of fear
 C - 5 scrolls of blinking
 G - a scroll of enchant armour
 I - 11 scrolls of enchant weapon
 P - a scroll of immolation
 Y - a scroll of fog
 Z - a scroll of summoning
Potions
 d - 8 potions of might
 e - 2 potions of attraction
 g - 2 potions of flight
 i - 3 potions of degeneration
 l - 4 potions of haste
 m - 2 potions of heal wounds
 r - a potion of berserk rage {unknown}
 v - 2 potions of magic {unknown}
 z - 9 potions of curing
 A - a potion of ambrosia {unknown}
 D - a potion of lignification {unknown}
 N - 3 potions of brilliance {unknown}
 Q - a potion of invisibility {unknown}
 R - 2 potions of cancellation {unknown}
 W - 7 potions of resistance


   Skills:
 - Level 13.9 Fighting
 - Level 14.0 Axes
 - Level 13.7 Armour
 - Level 12.7 Dodging
 + Level 19.0 Shields
 - Level 5.4 Evocations


You had 14 spell levels left.
You didn't know any spells.
Your spell library contained the following spells:

 Spells                   Type           Power      Damage    Failure   Level
 Beastly Appendage        Tmut           0%         N/A       63%         1
 Magic Dart               Conj           0%         1d3       63%         1
 Corpse Rot               Necr/Air       0%         N/A       77%         2
 Searing Ray              Conj           0%         2d4       77%         2
 Sublimation of Blood     Necr           0%         N/A       77%         2
 Wereblood                Tmut           0%         N/A       77%         2
 Conjure Flame            Conj/Fire      0%         6-21      94%         3
 Ignite Poison            Fire/Tmut/Pois 0%         N/A       94%         3
 Ozocubu's Armour         Ice            0%         N/A       94%         3
 Portal Projectile        Hex/Tloc       0%         N/A       94%         3
 Spider Form              Tmut/Pois      0%         N/A       94%         3
 Dispel Undead            Necr           0%         3d6       100%        4
 Fulminant Prism          Conj/Hex       0%         3d6       100%        4
 Sticky Flame             Conj/Fire      0%         2d3       100%        4
 Blade Hands              Tmut           0%         N/A       100%        5
 Excruciating Wounds      Necr           0%         N/A       100%        5
 Death Channel            Necr           0%         N/A       100%        6
 Ozocubu's Refrigeration  Ice            0%         4d5       100%        7
 Summon Hydra             Summ           0%         N/A       100%        7


Dungeon Overview and Level Annotations

Branches:
Dungeon (12/15)            Temple (0/1) D:6            Lair (6/6) D:8
  Swamp (0/4) Lair:4        Snake (2/4) Lair:2        Slime (0/5) Lair:6
    Orc (2/2) D:12            Elf (0/3) Orc:2

Altars:
Zin
Beogh
Jiyva

Shops:
D:4 [   D:11 =   D:12 !   Orc:1 (   Orc:2 **?=!   Snake:1 =:=

Portals:
Abyss: Lair:3
Trove: D:10 (give +5 fire dragon scales)

Annotations:
Lair:3 2 transporters, robertstho's ghost, journeyman DjFE


Innate Abilities, Weirdness & Mutations

You have a pair of horns on your head.
You reflexively headbutt those who attack you in melee.


Message History

The naga warrior misses you. The naga warrior grabs you.
The naga warrior constricts you.
You hit the naga warrior but do no damage.
You feel extremely sick.
The naga mage points at you and mumbles some strange words.
The bolt of poison hits you.
You are more poisoned.
You block the naga's attack.
The naga warrior roars a battlecry!
The nagas go into a battle-frenzy!
You block the naga mage's attack.
The naga warrior roars a battlecry!
The naga warrior goes into a battle-frenzy!
The naga warrior constricts you.
You puncture the naga warrior! You burn the naga warrior!
The naga warrior is moderately wounded.
You feel extremely sick. The naga warrior spits poison at you.
The splash of poison hits you.
You are more poisoned.
You block the naga's attack. You block the naga mage's attack.
The naga warrior hits you but does no damage.
The naga warrior constricts you.
As you read the scroll of teleportation, it crumbles to dust.
You feel strangely unstable.
You feel extremely sick.
The naga mage casts a spell at the naga warrior.
The naga warrior seems to grow toxic.
You block the naga warrior's attack. You block the naga's attack.
The naga mage closely misses you. You furiously retaliate!
You headbutt the naga mage, but do no damage.
The naga warrior hits you with a +0 halberd!
* * * LOW HITPOINT WARNING * * *
The naga warrior constricts you.
* * * LOW HITPOINT WARNING * * *
The naga warrior spits poison at you. The splash of poison misses you.
The splash of poison hits the naga warrior.
The naga hits you with a +0 vorpal war axe!!
You die...

####..........#
##......###
..##...........#
##...##.#
..##...........###.####
..##...........##.##
...#.............##
.................#
...##..........N.#
...##..........N.#
...##..........N@#
...####...#####..N...<..
....##..##..##.###......
...)........... ......
###))........... .....
.).)............ .....
##...............#
.......
#...............####.....
#................. #...


You could see 2 naga warriors, a naga mage (fast, strong) and a naga (strong,
curare).

Vanquished Creatures
  Kirke (Lair:4)
  Louise (Snake:2)
  An ettin (Orc:1)
  4 naga warriors (Snake:1)
  A fire dragon (D:10)
  4 hydras
  An ogre mage (Orc:1)
  A boulder beetle (Lair:2)
  2 catoblepae
  6 anacondas
  Erica (D:11)
  5 death yaks
  7 two-headed ogres
  4 naga sharpshooters
  2 shock serpents
  Nergalle (D:11)
  2 fire crabs
  Amaemon (D:11)
  2 naga ritualists (Snake:1)
  A bog body (Lair:4)
  5 orc knights (Orc:2)
  Pikel (D:7)
  3 mana vipers (Snake:1)
  A lindwurm (Lair:4)
  An orc sorcerer (Orc:2)
  3 salamanders
  6 cyclopes
  4 slime creatures (D:12)
  6 elephants
  A torpor snail (Lair:3)
  21 black mambas
  2 guardian serpents
  4 naga magi
  2 smoke demons (D:10)
  A gargoyle (D:12)
  11 cane toads
  A molten gargoyle (Lair:4)
  An orange demon (D:11)
  4 komodo dragons
  5 rime drakes
  4 polar bears (Lair:6)
  6 hornets
  2 trolls
  Prince Ribbit (D:7)
  16 blink frogs
  4 dream sheep (Lair:6)
  A wraith (D:9)
  5 fire elementals
  A hog (Lair:4)
  52 yaks
  12 spriggans (Lair:6)
  7 wyverns
  2 fire bats
  5 steam dragons
  9 basilisks
  2 vampire mosquitoes (D:9)
  Menkaure (D:7)
  6 wargs
  2 swamp worms (Lair:4)
  2 acid dragons
  22 nagas
  2 hell hounds (Lair:5)
  12 water moccasins
  32 orc warriors
  A sky beast (D:6)
  An ice beast (D:8)
  3 black bears
  8 centaurs
  4 ogres
  41 wolves
  4 boggarts (Lair:6)
  2 phantoms
  A lemure (D:7)
  6 kobold brigands
  12 bullfrogs
  5 scorpions
  3 wights (D:10)
  8 killer bees
  5 howler monkeys
  2 electric eels
  4 hounds
  10 orc priests
  3 jellies
  Crazy Yiuf (D:5)
  2 iguanas (D:5)
  24 orc wizards
  7 hell rats (Lair:5)
  3 gnolls (D:7)
  17 adders
  2 shadow imps
  2 ufetubi
  2 worms
  3 dart slugs
  95 orcs
  9 endoplasms
  8 goblins
  7 hobgoblins
  6 jackals
  2 quokkas
  6 ball pythons
  3 bats
  3 frilled lizards
  35 kobolds
  7 rats
  A butterfly (Lair:5)
707 creatures vanquished.

Vanquished Creatures (others)
  3 humans (Lair:4)
  A fire vortex (Lair:4)
  46 fungi
  78 plants
  6 toadstools (Lair:4)
134 creatures vanquished.

Grand Total: 841 creatures vanquished

Notes
Turn   | Place    | Note
-------+----------+-------------------------------------------
     0 | D:1      | jmlagarto the Minotaur Berserker began the quest for the
                  | Orb.
     0 | D:1      | Reached XP level 1. HP: 19/19 MP: 0/0
   447 | D:1      | Reached XP level 2. HP: 27/27 MP: 1/1
   612 | D:1      | Reached ** piety under Trog
   673 | D:1      | Found a faded altar of an unknown god.
   873 | D:2      | Reached XP level 3. HP: 26/33 MP: 2/2
  1280 | D:2      | You fall into a shaft and drop 2 floors!
  1288 | D:4      | Reached XP level 4. HP: 40/41 MP: 3/3
  1343 | D:3      | Identified the +8 spear "Bomu" {flame, rElec Str+2}
  2231 | D:4      | Noticed a scorpion
  2234 | D:3      | Reached *** piety under Trog
  2235 | D:3      | Reached XP level 5. HP: 46/47 MP: 4/4
  2315 | D:3      | Reached skill level 1 in Evocations
  2354 | D:3      | Reached skill level 5 in Fighting
  2354 | D:3      | Reached skill level 5 in Axes
  2354 | D:3      | Reached XP level 6. HP: 54/56 MP: 5/5
  2686 | D:4      | Reached XP level 7. HP: 61/61 MP: 6/6
  2791 | D:4      | Reached skill level 5 in Armour
  2966 | D:4      | Found Nateyngaani's Antique Armour Shoppe.
  2969 | D:4      | Bought a pair of gloves for 99 gold pieces
  3147 | D:5      | Entered Level 5 of the Dungeon
  3161 | D:5      | Reached skill level 5 in Dodging
  3166 | D:5      | Reached **** piety under Trog
  3181 | D:5      | Reached XP level 8. HP: 62/70 MP: 7/7
  3402 | D:5      | Found a glowing silver altar of Zin.
  4214 | D:5      | Found a runed translucent door.
  4215 | D:5      | Noticed Crazy Yiuf
  4221 | D:5      | Killed Crazy Yiuf
  4663 | D:6      | Found a staircase to the Ecumenical Temple.
  4829 | D:6      | Noticed a troll
  4833 | D:6      | Killed a troll
  5020 | D:6      | Reached XP level 9. HP: 46/79 MP: 8/8
  5802 | D:7      | Noticed Prince Ribbit
  5810 | D:7      | Killed Prince Ribbit
  5958 | D:7      | Reached skill level 5 in Evocations
  6215 | D:7      | Noticed Menkaure
  6221 | D:7      | Killed Menkaure
  6356 | D:7      | Noticed Pikel
  6366 | D:7      | Killed Pikel
  6377 | D:7      | Reached XP level 10. HP: 76/90 MP: 9/9
  6809 | D:8      | Reached ***** piety under Trog
  7282 | D:8      | Found a staircase to the Lair.
  8287 | D:9      | Reached skill level 10 in Axes
  8590 | D:9      | Upgraded the game from 0.29-a0-296-gda187f2e07 to
                  | 0.29-a0-297-g7659ce593d
  8823 | D:10     | Entered Level 10 of the Dungeon
  8866 | Lair:1   | Entered Level 1 of the Lair of Beasts
  8876 | D:8      | Reached skill level 10 in Fighting
  8945 | D:8      | Reached XP level 11. HP: 84/100 MP: 10/10
  9110 | D:8      | Reached skill level 10 in Armour
 10726 | Lair:2   | Reached skill level 10 in Dodging
 10760 | Lair:2   | Noticed a boulder beetle
 10813 | Lair:2   | Killed a boulder beetle
 11660 | Lair:2   | Found a staircase to the Snake Pit.
 12258 | Lair:3   | Reached XP level 12. HP: 70/112 MP: 11/11
 12621 | Lair:3   | Noticed a hell hog
 12625 | Lair:3   | Noticed robertstho's ghost (journeyman DjFE)
 12634 | Lair:3   | Found a transporter.
 12799 | Lair:3   | Found a transporter.
 13036 | Lair:3   | You fall into a shaft and drop 1 floor!
 13144 | Lair:3   | Found a one-way gate to the infinite horrors of the Abyss.
 13231 | Lair:3   | Noticed a four-headed hydra
 13237 | Lair:3   | Killed a four-headed hydra
 13275 | Lair:3   | Noticed a death yak
 13275 | Lair:3   | Noticed a death yak
 13300 | Lair:3   | Killed a death yak
 13357 | Lair:3   | Noticed a catoblepas
 13363 | Lair:3   | Noticed a death yak
 13366 | Lair:3   | Noticed a death yak
 13366 | Lair:3   | Noticed a death yak
 13599 | Lair:2   | Killed a death yak
 13604 | Lair:2   | Killed a death yak
 13742 | Lair:3   | Killed a death yak
 13747 | Lair:3   | Killed a death yak
 14034 | Lair:3   | Killed a catoblepas
 14284 | Lair:4   | Noticed Kirke
 14306 | Lair:4   | Noticed a sphinx
 14307 | Lair:4   | Killed Kirke
 14756 | Lair:4   | Found a staircase to the Swamp.
 14876 | Lair:3   | Reached XP level 13. HP: 18/122 MP: 12/12
 16009 | Lair:4   | Found a runed translucent door.
 16566 | Lair:4   | Reached skill level 1 in Shields
 16782 | Lair:5   | Identified the +11 spear "Ablinev" {speed, *Rage rElec
                  | Will++ Int+3}
 16807 | Lair:5   | Found a transporter.
 17258 | Lair:5   | Found a transporter.
 17293 | Lair:5   | Received a gift from Trog
 17326 | Lair:5   | Reached skill level 2 in Shields
 17862 | Lair:6   | Entered Level 6 of the Lair of Beasts
 18207 | Lair:6   | Reached skill level 3 in Shields
 18358 | Lair:6   | Reached skill level 4 in Shields
 18435 | Lair:6   | Reached skill level 5 in Shields
 18486 | Lair:6   | Reached skill level 6 in Shields
 18958 | Lair:6   | Reached skill level 7 in Shields
 19050 | Lair:6   | Reached skill level 8 in Shields
 19251 | Lair:6   | Reached skill level 9 in Shields
 19600 | Lair:6   | Found a runed translucent door.
 19600 | Lair:6   | Found a viscous altar of Jiyva.
 19601 | Lair:6   | Found a staircase to the Slime Pits.
 19648 | Lair:6   | Reached XP level 14. HP: 130/130 MP: 13/13
 19983 | Lair:5   | Identified the ring of Naah {rF+ rC+}
 20143 | Lair:4   | Reached skill level 10 in Shields
 20177 | Lair:4   | Identified the amulet "Oluahuan" {Reflect Rampage Dex+5
                  | SH+5}
 20416 | D:10     | Found a portal to a secret trove of treasure.
 20843 | D:10     | Reached skill level 11 in Shields
 21322 | D:11     | Found Jadizxeu's Jewellery Boutique.
 21451 | D:11     | Noticed Erica
 21460 | D:11     | Killed Erica
 21533 | D:11     | Noticed Nergalle
 21541 | D:11     | Killed Nergalle
 21542 | D:11     | Reached skill level 12 in Shields
 21797 | D:11     | Noticed Amaemon
 21811 | D:11     | Killed Amaemon
 22169 | D:12     | Reached skill level 13 in Shields
 22684 | D:12     | Found a staircase to the Orcish Mines.
 22900 | D:12     | Found Naneseam's Distillery.
 23345 | Orc:1    | Entered Level 1 of the Orcish Mines
 23366 | D:12     | Reached skill level 14 in Shields
 24204 | Orc:1    | Found Bacud's Antique Weapon Emporium.
 24268 | Orc:2    | Entered Level 2 of the Orcish Mines
 24329 | Orc:2    | Reached skill level 15 in Shields
 24708 | Orc:2    | Found a staircase to the Elven Halls.
 24812 | Orc:2    | Found Atasmec's Distillery.
 24878 | Orc:2    | Found Bestiage's Jewellery Shop.
 24951 | Orc:2    | Found Byt Urig's Magic Scroll Emporium.
 25097 | Orc:2    | Bought a scroll of identify for 28 gold pieces
 25097 | Orc:2    | Bought a scroll of identify for 28 gold pieces
 25097 | Orc:2    | Bought a scroll of identify for 28 gold pieces
 25097 | Orc:2    | Bought a scroll of identify for 28 gold pieces
 25097 | Orc:2    | Bought a scroll of identify for 28 gold pieces
 25097 | Orc:2    | Bought a scroll of identify for 28 gold pieces
 25098 | Orc:2    | Identified 2 scrolls of acquirement
 25107 | Orc:2    | Acquired the ring of Becaze {rCorr Str+2 Int+4}
 25113 | Orc:2    | Acquired 1018 gold pieces
 25256 | Orc:2    | Found Kocucuda's Assorted Antiques.
 25286 | Orc:2    | Received a gift from Trog
 25322 | Orc:2    | Found Yfy Wav's General Store.
 25894 | Snake:1  | Entered Level 1 of the Snake Pit
 25924 | Snake:1  | Reached skill level 16 in Shields
 26243 | Snake:1  | Reached XP level 15. HP: 133/137 MP: 14/14
 26597 | Snake:1  | Found Toawkeunt's Jewellery Emporium.
 26598 | Snake:1  | Found Timaedd's Book Boutique.
 26600 | Snake:1  | Found Vaypaw's Jewellery Emporium.
 27183 | Snake:1  | Reached skill level 17 in Shields
 28891 | Snake:2  | Noticed Louise
 28918 | Snake:2  | Killed Louise
 28919 | Snake:2  | Reached skill level 18 in Shields
 30016 | Snake:2  | Reached skill level 19 in Shields
 30087 | Snake:2  | Mangled by a naga

Illustrated notes

Levels and vault maps discovered:
D:1:      dpeg_arrival_chambers_temple_mockup, layout_rooms,
          shapermc_ecumenical_altar_mp_highgroup, serial_park_tiny_pond
D:2:      layout_rooms
D:3:      layout_basic
D:4:      cheibrodos_quashed, layout_loops_ring, serial_shops, kennysheep_mini,
          minmay_checkerbox
D:5:      layout_layer_cave, zin_statuary, uniq_crazy_yiuf_cottage
D:6:      layout_cave_pods, minmay_temple_entry_waves, minmay_crystal_room
D:7:      layout_cave_pools, sigmund_army, uniq_menkaure, uniq_prince_ribbit1,
          uniq_pikel
D:8:      layout_loops_ring, lair_entry_dummy
D:9:      layout_loops_ring, serial_glass, glass_columns_a, glass_columns_c
D:10:     minmay_firetagon, layout_loops_cross, enter_trove_6, serial_glass,
          glass_columns_c, glass_columns_c
D:11:     layout_basic, serial_shops, shop, uniq_amaemon, uniq_nergalle,
          uniq_erica
D:12:     layout_basic, hiddenorc2_lemuel, serial_shops, shop, serial_glass,
          glass_columns_a, glass_columns_b, glass_columns_a, feat_on_display,
          due_unseen_surprise
Lair:1:   layout_chaotic_city
Lair:2:   minmay_lair_venomous_thicket, layout_loops_ring,
          minmay_snake_entry_guardpost_small
Lair:3:   layout_gridlike, gammafunk_ghost_abyssal_escape,
          nicolae_lair_grove_arrangements
Lair:4:   gammafunk_lair_enchanted_lake, layout_gridlike,
          nicolae_swamp_entry_splash_gauntlet, minivault_26, uniq_kirke
Lair:5:   gammafunk_cloud_chamber, layout_regular_city, grunt_megastairs_2,
          lemuel_fruit_fields, infiniplex_staircase_pool_2
Lair:6:   minmay_lair_end_enchanted_forest, layout_regular_city, slime_altar_2
Snake:1:  layout_chambers, drop_trap, nicolae_snake_gridmaze_swirls,
          grunt_ministairs_6, minmay_shop_grove, serial_bayou_shore_b
Snake:2:  layout_chambers, uniq_louise
Orc:1:    layout_diamond_mine, serial_shops, nicolae_shop_hallway_stairs
Orc:2:    st_orc_town, layout_caves, basic_altar, serial_shops, shop

Skill      XL: |  1  2  3  4  5  6  7  8  9 10 11 12 13 14 15 |
---------------+----------------------------------------------+-----
Axes           | 4 5 6 7 8 10 11 13 14 | 14.0
Fighting       | 4 5 6 7 8 10 11 13 | 13.9
Armour         | 3 4 5 6 8 9 11 13 | 13.7
Dodging        | 3 4 5 6 7 9 10 12 | 12.7
Evocations     | 1 2 3 4 5 |  5.4
Shields        | 9 16 19 | 19.0

Action                   |  1- 3 |  4- 6 |  7- 9 | 10-12 | 13-15 || total
-------------------------+-------+-------+-------+-------+-------++-------
Melee: Hand axe          |    95 |     9 |       |       |       ||   104
       Headbutt          |    12 |     6 |    24 |    98 |   302 ||   442
       Spear             |       |    68 |   210 |   453 |  1343 ||  2074
       Punch             |       |     1 |       |     6 |     2 ||     9
Throw: Stone             |       |       |    56 |    26 |       ||    82
       Dart              |       |       |       |    18 |    16 ||    34
Invok: Berserk           |       |       |     3 |    11 |    21 ||    35
       Trog's Hand       |       |       |     1 |     4 |    10 ||    15
       Brothers in Arms  |       |       |       |       |     1 ||     1
Evoke: Wand              |       |       |     1 |       |       ||     1
  Use: Scroll            |       |       |       |     9 |    21 ||    30
       Potion            |       |       |       |       |     1 ||     1
 Stab: Petrified         |       |       |       |     1 |       ||     1
       Distracted        |       |       |       |       |     1 ||     1
Armor: Scale mail        |    33 |       |       |       |       ||    33
       Chain mail        |     3 |    11 |       |       |       ||    14
       Ring mail         |       |    33 |    45 |   177 |   315 ||   570
Dodge: Dodged            |    43 |    37 |    73 |   291 |   565 ||  1009
Block: Kite shield       |       |       |       |       |   801 ||   801
       Reflection        |       |       |       |       |    52 ||    52

Table legend: (Time is in decaauts)
 A = Elapsed time spent in this place.
 B = Non-inter-level travel time spent in this place.
 C = Inter-level travel time spent in this place.
 D = Time resting spent in this place.
 E = Time spent auto-exploring this place.
 F = Levels seen in this place.
 G = Mean time per level.
                   A        B        C        D        E       F      G
               +--------+--------+--------+--------+--------+-----+--------+
         Total |  30092 |  28756 |   1336 |   5100 |  19097 |  22 | 1367.8 |
       Dungeon |  12948 |  12250 |    698 |   1172 |   9026 |  12 | 1079.0 |
          Lair |  11038 |  10519 |    519 |   2640 |   6233 |   6 | 1839.7 |
     Snake Pit |   4136 |   4083 |     53 |   1204 |   2401 |   2 | 2068.0 |
  Orcish Mines |   1969 |   1904 |     65 |     83 |   1437 |   2 |  984.5 |
               +--------+--------+--------+--------+--------+-----+--------+

Top non-repeatable levels by time:
 Snake:1: 2650 daAuts
  Lair:3: 2391 daAuts
  Lair:4: 2149 daAuts
  Lair:2: 2010 daAuts
  Lair:6: 1844 daAuts
    D:12: 1835 daAuts
     D:8: 1573 daAuts
     D:6: 1561 daAuts
 Snake:2: 1485 daAuts
  Lair:5: 1484 daAuts
   Orc:2: 1422 daAuts
     D:5: 1184 daAuts
  Lair:1: 1157 daAuts
     D:9: 1138 daAuts
    D:10: 1049 daAuts
